Map: Snowy Mesa

Players

Tenonee - Winner!

  • Race: Zerg Zerg
  • League: Diamond

Comandante - Winner!

  • Race: Terran Terran

llllllllllll

  • Race: Terran Terran
  • League: Diamond

Russel

  • Race: Zerg Zerg

VOD

Have the link to the VOD?

Description

Time

  • Played on: July 26, 2016, 11:38 a.m.
  • Length: 18:52
Show
View Real Time Build Order
Export as new Build Order

Tenonee Zerg - Winner!

Build Orders: Hatch First, Lurkers 

Get SALT Encoding   

  12  0:01  Drone  
  13  0:09  Drone  
  14  0:18  Overlord  
  14  0:36  Drone x3  
  17  0:52  Drone  
  18  0:59  Hatchery  
  18  1:03  Drone  
  18  1:07  Extractor  
  17  1:14  Spawning Pool  
  17  1:17  Drone  
  17  1:24  Drone  
  18  1:32  Drone  
  19  1:41  Overlord  
  19  1:57  Drone  
  20  2:03  Queen  
  22  2:09  Metabolic Boost  
  22  2:12  Queen  
  24  2:17  Zergling x2  
  24  2:18  Zergling x4  
  27  2:27  Drone x2  
  29  2:38  Drone  
  29  2:53  Drone x3  
  32  3:01  Queen  
  32  3:04  Overlord  
  34  3:09  Roach Warren, Queen  
  35  3:22  Drone  
  35  3:23  Overlord  
  35  3:24  Drone  
  35  3:25  Drone x5  
  42  3:35  Overlord  
  42  3:57  Drone x3  
  42  3:59  Extractor, Lair  
  42  4:01  Extractor  
  42  4:02  Drone  
  44  4:03  Drone x2  
  44  4:04  Drone, Extractor  
  44  4:05  Drone x3  
  44  4:06  Drone  
  50  4:12  Zergling x2  
  51  4:23  Zergling x2  
  51  4:24  Zergling x6  
  54  4:25  Evolution Chamber  
  54  4:35  Drone  
  54  4:37  Drone x4  
  59  4:41  Overlord  
  59  5:01  Zerg Ground Armor Level 1, Hatchery  
  59  5:03  Glial Reconstitution  
  57  5:33  Overlord x3  
  56  5:46  Overlord x3  
  56  6:09  Roach x11  
  78  6:19  Roach x5  
  88  6:26  Roach x2  
  92  6:38  Evolution Chamber  
  93  6:40  Roach x5  
  101  6:54  Roach  
  101  6:55  Roach x6  
  101  6:56  Roach x2  
  101  6:58  Ravager  
  101  6:59  Ravager  
  101  7:01  Overlord x2  
  121  7:09  Overlord x3  
  121  7:12  Zerg Ground Armor Level 2  
  121  7:19  Ravager x2, Hydralisk Den  
  121  7:20  Ravager x3  
  121  7:21  Ravager x2  
  127  7:24  Extractor  
  123  7:49  Roach  
  123  7:50  Roach x7  
  133  7:57  Lair  
  98  8:34  Roach  
  98  8:35  Hatchery, Roach x6  
  73  9:08  Ravager  
  73  9:09  Ravager x3  
  77  9:10  Extractor  
  77  9:14  Hydralisk x2  
  80  9:33  Zerg Missile Weapons Level 1  
  80  9:34  Hatchery  
  80  9:36  Drone x3  
  80  9:37  Extractor, Drone x2  
  80  9:38  Drone x2, Extractor  
  85  9:45  Muscular Augments  
  84  9:52  Queen  
  86  9:56  Drone  
  86  9:57  Drone x3  
  86  9:58  Drone  
  91  10:12  Drone x4  
  95  10:14  Evolution Chamber  
  94  10:22  Overseer  
  94  10:24  Pneumatized Carapace  
  94  10:29  Infestation Pit  
  94  10:30  Drone x3  
  94  10:32  Zergling x2  
  97  10:52  Queen  
  97  10:53  Drone x3  
  97  10:54  Drone x3  
  97  10:55  Drone x3  
  91  11:20  Roach  
  91  11:21  Roach x9  
  80  11:43  Hydralisk x8  
  94  12:00  Hydralisk x5  
  102  12:16  Zerg Missile Weapons Level 2  
  102  12:18  Hive  
  102  12:31  Hatchery  
  93  12:48  Lurker Den  
  93  12:55  Drone x3  
  93  12:56  Drone x3  
  93  12:57  Drone x4  
  93  12:58  Drone x6  
  106  12:59  Drone x4  
  113  13:09  Queen x2  
  117  13:18  Ravager x2  
  117  13:19  Ravager x2  
  121  13:41  Hydralisk x4, Roach  
  121  13:42  Hydralisk, Roach x5  
  128  14:11  Hydralisk x2, Roach  
  128  14:12  Roach  
  128  14:14  Overlord x5  
  136  14:32  Queen  
  136  14:37  Hatchery  
  137  14:38  Lurker  
  137  14:39  Lurker x2  
  137  14:45  Hydralisk x6, Roach x2  
  148  14:46  Roach x3  
  148  14:48  Lurker x3  
  165  14:53  Overseer  
  165  14:57  Zerg Missile Weapons Level 3  
  165  15:07  Hydralisk x3, Roach  
  165  15:08  Roach  
  165  15:13  Spire  
  174  15:32  Overlord  
  174  15:33  Overlord x4  
  174  15:43  Overlord x2  
  174  15:44  Zerg Ground Armor Level 3  
  174  16:02  Hydralisk x2  
  174  16:03  Hydralisk x2, Roach x4  
  186  16:22  Hatchery  
  186  16:23  Extractor, Queen  
  186  16:24  Extractor  
  186  16:25  Drone x4  
  175  17:10  Hydralisk x4, Roach  
  175  17:11  Hydralisk x2, Roach x5  
  147  17:42  Hydralisk  
  147  17:43  Hydralisk x4, Roach x3  
  147  17:44  Hydralisk x4, Roach x4  
  163  17:45  Roach x2  
  173  17:56  Lurker x4  
  173  17:57  Lurker x6  
  173  17:58  Lurker  
  184  18:00  Roach x5  
  192  18:09  Queen  
  176  18:16  Hydralisk x2  
  176  18:17  Hydralisk x3, Roach x4  
  176  18:18  Roach x2  
Show
View Real Time Build Order
Export as new Build Order

Comandante Terran - Winner!

Build Orders:  

Get SALT Encoding   

  12  0:01  SCV  
  13  0:13  SCV  
  14  0:18  Supply Depot  
  14  0:25  Refinery  
  14  0:28  SCV  
  15  0:41  Barracks  
  15  0:45  SCV  
  16  0:57  SCV  
  17  1:09  SCV  
  18  1:21  SCV  
  19  1:27  Marine  
  20  1:33  Factory  
  20  1:35  Supply Depot, Orbital Command  
  20  1:47  Barracks Reactor  
  20  1:57  Supply Depot  
  20  1:58  Refinery  
  20  2:07  SCV  
  21  2:19  Supply Depot, SCV  
  22  2:32  Hellion x2  
  22  2:33  Barracks Tech Lab  
  26  2:45  SCV  
  27  2:53  Hellion  
  31  2:58  Hellion  
  31  3:01  SCV  
  32  3:17  Starport  
  28  3:22  Barracks Tech Lab  
  28  3:25  SCV  
  29  3:35  Starport  
  29  3:37  SCV  
  30  3:44  Widow Mine x2  
  34  3:49  SCV  
  35  4:02  SCV  
  35  4:14  SCV  
  32  4:19  Banshee, Cloaking Field  
  35  4:26  SCV  
  36  4:31  Barracks Tech Lab  
  36  4:34  Banshee  
  36  4:38  SCV  
  40  4:46  Widow Mine x2  
  40  4:50  SCV  
  45  4:53  Supply Depot x2  
  45  4:55  Command Center  
  45  5:02  SCV  
  46  5:14  Banshee, SCV  
  46  5:18  Banshee  
  46  5:19  Barracks Reactor  
  53  5:28  Starport  
  53  5:32  SCV  
  54  5:44  SCV  
  55  5:56  SCV  
  56  6:13  Banshee  
  56  6:14  Banshee x2  
  59  6:31  SCV  
  61  6:33  Orbital Command  
  60  6:43  SCV  
  60  6:44  Refinery  
  60  6:45  Refinery  
  61  6:56  Supply Depot, SCV  
  61  6:57  Supply Depot x2  
  62  7:08  SCV  
  63  7:09  SCV  
  64  7:16  Banshee x3  
  64  7:20  SCV  
  64  7:21  Widow Mine x2  
  78  7:40  Command Center  
  78  7:41  SCV x2  
  80  7:59  Viking x3  
  86  8:23  Widow Mine  
  86  8:24  Widow Mine  
  90  8:29  Viking x3  
  90  8:34  SCV x2  
  98  8:49  Liberator x2, Fusion Core  
  98  8:51  SCV, Armory  
  98  8:52  Widow Mine x2, SCV  
  98  8:53  Command Center, Engineering Bay  
  110  9:33  Banshee  
  110  9:49  Banshee x2  
  104  10:01  Starport  
  104  10:02  Starport  
  104  10:03  Orbital Command  
  101  10:16  Banshee  
  101  10:17  Planetary Fortress  
  104  10:23  Refinery  
  104  10:32  Viking, Refinery  
  110  10:35  Hellion x2  
  110  10:40  Supply Depot  
  110  10:41  Supply Depot, Terran Ship Weapons Level 1  
  110  10:42  Supply Depot  
  110  10:45  Armory  
  114  10:57  Hellion x2  
  111  11:18  Hellion x2  
  106  11:39  Hellion  
  104  11:40  Hellion  
  102  11:53  Banshee  
  102  11:54  Banshee x2  
  108  11:57  Starport Tech Lab x2  
  108  12:00  Terran Vehicle And Ship Armor Level 1  
  108  12:01  Hellion x2  
  115  12:04  Hyperflight Rotors  
  115  12:09  Refinery  
  115  12:15  Missile Turret  
  115  12:19  Missile Turret  
  115  12:20  Missile Turret, Banshee x2  
  115  12:22  Hellion x2  
  124  12:48  Command Center  
  124  12:55  Marine x2  
  124  12:57  Hellion x2  
  130  13:02  Banshee x2  
  130  13:04  Command Center, Viking x3  
  142  13:09  Terran Ship Weapons Level 2  
  142  13:12  Marine x2  
  142  13:16  Liberator  
  142  13:17  Liberator  
  142  13:19  Hellion x2  
  148  13:20  Factory  
  148  13:24  Factory  
  134  13:30  Marine x2  
  134  13:33  Viking  
  139  13:40  Hellion x2  
  146  13:48  Marine x2  
  132  14:01  Hellion  
  132  14:02  Hellion  
  113  14:04  Viking x3  
  104  14:13  Missile Turret  
  104  14:15  Missile Turret  
  104  14:16  Missile Turret, Viking  
  104  14:17  Missile Turret, Viking  
  108  14:33  Missile Turret, Planetary Fortress  
  108  14:34  Viking x3  
  109  14:46  Viking  
  109  14:47  Viking  
  113  15:04  Missile Turret, Viking  
  115  15:10  Missile Turret  
  115  15:11  Missile Turret  
  115  15:36  Planetary Fortress  
  115  15:46  Missile Turret  
  115  15:47  Missile Turret, Viking x5  
  115  15:48  Missile Turret  
  115  15:49  Missile Turret  
  125  15:50  Missile Turret  
  125  16:09  Refinery  
  125  16:11  Refinery  
  125  16:12  Refinery  
  125  16:16  Refinery  
  125  16:20  Banshee x3  
  125  16:21  Banshee  
  125  16:22  Hellion x2  
  141  16:59  Marine x2  
  143  17:02  Hellion x2  
  147  17:17  Marine x2  
  149  17:23  Hellion x2  
  146  17:35  Marine x2  
  135  17:45  Hellion x2, Banshee x5  
  145  17:53  Marine x2  
  147  18:06  Hellion  
Show
View Real Time Build Order
Export as new Build Order

llllllllllll Terran 

Build Orders: MMM Bio 

Get SALT Encoding   

  12  0:01  SCV  
  13  0:13  SCV  
  14  0:18  Supply Depot  
  14  0:25  SCV  
  15  0:40  SCV  
  15  0:41  Barracks  
  16  0:44  Refinery  
  16  0:52  SCV  
  17  1:00  Barracks  
  17  1:05  SCV  
  18  1:16  Barracks  
  18  1:23  Refinery  
  18  1:28  Reaper  
  18  1:32  SCV  
  20  1:44  SCV  
  21  1:47  Supply Depot  
  21  1:51  Reaper  
  22  2:01  Reaper  
  23  2:09  Reaper  
  23  2:13  Orbital Command  
  24  2:27  Reaper  
  25  2:41  Reaper x2  
  27  2:59  Reaper  
  27  3:04  SCV  
  28  3:06  Supply Depot  
  27  3:13  Reaper x2  
  27  3:16  SCV  
  29  3:31  Reaper  
  30  3:37  SCV  
  31  3:46  Barracks Tech Lab, Factory  
  31  3:47  Command Center  
  31  3:50  SCV  
  32  3:56  Marine  
  33  4:16  SCV  
  34  4:17  Marine x2  
  34  4:19  Stimpack  
  36  4:26  Barracks, Marine  
  36  4:28  Barracks, SCV  
  38  4:32  Engineering Bay  
  38  4:35  Starport, Marine  
  38  4:37  Factory Tech Lab  
  39  4:58  Marine x3, SCV  
  43  5:03  Orbital Command  
  43  5:04  Factory Reactor  
  43  5:11  Missile Turret  
  43  5:16  Missile Turret, Marine  
  44  5:34  SCV  
  44  5:35  SCV  
  46  5:39  Refinery  
  46  5:44  Barracks Reactor x2  
  46  5:45  Barracks Reactor  
  46  5:46  Barracks Reactor, SCV  
  46  5:47  SCV  
  46  5:48  Terran Infantry Weapons Level 1  
  48  5:51  Medivac  
  48  5:54  Medivac  
  51  6:27  SCV x2  
  53  6:33  Refinery  
  53  6:34  Supply Depot x2  
  53  6:38  Viking, Siege Tank  
  53  6:39  Engineering Bay  
  58  6:40  Marine  
  58  6:41  Marine x2  
  58  6:42  Supply Depot  
  58  6:44  Marine  
  62  6:50  Marine x4  
  62  6:52  Marine  
  67  6:54  Combat Shields  
  67  7:05  Marine x3  
  67  7:06  Marine  
  71  7:09  SCV x2  
  73  7:15  Marine  
  73  7:21  SCV x2  
  76  7:23  Terran Infantry Armor Level 1  
  76  7:27  Armory  
  76  7:33  SCV x2  
  77  7:56  Marine  
  77  7:57  Marine x6, Marauder  
  77  7:58  Marine  
  87  8:06  Siege Tank  
  82  8:14  Marine x2  
  82  8:15  Marine  
  82  8:18  Marauder  
  71  8:21  Marine  
  67  8:27  Marine  
  54  8:38  Siege Tank  
  54  8:40  Marauder  
  49  9:01  Marauder  
  51  9:03  SCV  
  51  9:05  Terran Vehicle Weapons Level 1  
  51  9:06  Terran Infantry Weapons Level 2  
  51  9:07  Supply Depot  
  48  9:15  SCV  
  49  9:17  Marine x5  
  49  9:18  Marine x2  
  49  9:23  Marauder  
  58  9:33  Marine  
  58  9:35  Marine  
  55  9:48  Orbital Command  
  55  9:52  Marine x5  
  53  10:07  SCV  
  54  10:20  SCV  
  55  10:21  Marine x2  
  55  10:23  Siege Tank  
  55  10:27  Marine  
  61  10:32  SCV  
  61  10:33  Marine  
  63  10:37  SCV  
  64  10:44  SCV  
  64  10:47  Marine x5  
  64  10:49  Medivac, SCV  
  73  10:50  Marine  
  65  11:17  Marine  
  65  11:18  Marine x3  
  66  11:21  Marine  
  66  11:22  Marine x2  
  66  11:25  Marine x2  
  60  11:38  Marine  
  60  11:39  Marine x2  
  58  11:40  Viking x2  
  58  11:44  SCV x2  
  55  12:01  Marine x4  
  51  12:10  Viking x2  
  55  12:22  Cyclone  
  59  12:24  Marine x2  
  59  12:27  Terran Infantry Weapons Level 3  
  59  12:29  Terran Infantry Armor Level 2  
  61  12:32  SCV  
  61  12:33  SCV  
  63  12:39  Marine x2  
  65  12:54  Siege Tank  
  68  13:04  Command Center, Marine  
  69  13:06  Medivac  
  69  13:08  Terran Vehicle And Ship Armor Level 1  
  69  13:10  SCV  
  72  13:15  Refinery  
  72  13:30  Marine x2  
  74  13:39  Medivac  
  76  13:41  Marine x3  
  76  13:42  Marine x2  
  76  13:44  Refinery  
  67  14:05  Marine  
  67  14:06  Marine x2  
  67  14:08  Marine x3  
  58  14:10  Cyclone  
  62  14:31  SCV x2  
  64  14:35  Marine x4  
  64  14:37  Medivac  
  70  14:48  Marine  
  70  14:50  Cyclone, SCV  
  70  14:51  SCV  
  61  15:02  SCV  
  62  15:08  SCV  
  62  15:14  Refinery  
  63  15:20  Refinery  
  63  15:21  SCV  
  63  15:23  Marine  
  63  15:24  Marine  
  63  15:26  Marine  
  67  15:31  Siege Tank  
  70  15:41  Command Center  
  70  15:50  Marine  
  70  15:51  Marine x4  
  70  15:52  Marauder  
  63  16:13  Marauder  
  63  16:16  Siege Tank  
  63  16:18  Marine x3  
  58  16:19  Marine  
  58  16:20  Marine x3  
  61  16:29  Marine, Orbital Command  
  62  16:34  Marine  
  62  16:36  Marine x3  
  62  16:37  Supply Depot, Marine x2, Medivac  
  62  16:38  Supply Depot, Marine, Medivac  
  68  16:49  Marine x2  
  65  17:04  Siege Tank  
  65  17:06  Marine  
  65  17:07  Marine x7  
  76  17:14  Marine  
  76  17:17  Missile Turret x2  
  76  17:19  Missile Turret  
  76  17:22  Missile Turret  
  76  17:24  Marine  
  65  17:34  Marine x3  
  65  17:36  Marine  
  65  17:37  Marine x4  
  67  17:49  Marine  
  67  17:51  Viking x2  
  63  17:52  Marine  
  62  18:11  Marine  
  62  18:12  Marine x5  
  68  18:16  Refinery  
  68  18:25  Marine x2  
  72  18:29  Marine  
Show
View Real Time Build Order
Export as new Build Order

Russel Zerg 

Build Orders: Hatch First 

Get SALT Encoding   

  12  0:01  Drone  
  13  0:08  Drone  
  14  0:17  Overlord  
  14  0:36  Drone x3  
  17  0:47  Drone  
  18  0:59  Extractor  
  18  1:00  Drone  
  18  1:04  Hatchery  
  17  1:14  Spawning Pool  
  17  1:17  Drone  
  17  1:22  Drone  
  19  1:40  Drone  
  19  1:52  Overlord  
  19  1:53  Drone  
  20  2:02  Queen  
  20  2:03  Metabolic Boost  
  22  2:17  Queen  
  24  2:23  Drone x3  
  24  2:25  Drone  
  28  2:43  Zergling x6  
  31  2:46  Drone  
  32  2:52  Queen  
  34  2:58  Overlord  
  34  3:00  Drone x2  
  34  3:05  Roach Warren  
  35  3:07  Drone  
  36  3:18  Drone x4  
  40  3:21  Drone  
  41  3:27  Overlord  
  41  3:34  Drone x3  
  44  3:41  Overlord  
  44  3:48  Lair, Spore Crawler  
  44  3:51  Extractor  
  44  3:52  Extractor x2, Drone x5  
  45  3:59  Spore Crawler  
  44  4:08  Overlord  
  44  4:13  Evolution Chamber, Drone  
  44  4:14  Drone x2  
  44  4:15  Evolution Chamber  
  45  4:20  Drone x3  
  48  4:30  Drone x3  
  51  4:41  Zerg Ground Armor Level 1, Zerg Missile Weapons Level 1  
  51  4:43  Drone x3  
  54  4:46  Glial Reconstitution  
  54  5:16  Hatchery  
  54  5:17  Roach x7  
  67  5:24  Drone  
  67  5:26  Drone, Infestation Pit  
  68  5:28  Overlord  
  68  5:29  Overlord  
  68  5:41  Overseer  
  68  5:46  Queen  
  68  6:00  Drone x3  
  71  6:08  Pneumatized Carapace  
  71  6:17  Roach x6  
  71  6:18  Overlord x2  
  83  6:33  Hive  
  83  6:37  Zerg Missile Weapons Level 2, Zerg Ground Armor Level 2  
  83  6:41  Drone x6, Spore Crawler  
  88  6:55  Overlord x3  
  88  6:56  Drone, Queen  
  91  7:01  Spore Crawler  
  91  7:03  Overseer  
  90  7:14  Drone x9  
  99  7:17  Extractor  
  99  7:18  Extractor  
  97  7:35  Spire  
  96  7:40  Drone x2  
  96  7:41  Drone  
  99  7:49  Ultralisk Cavern  
  99  7:51  Drone x3  
  99  7:52  Hydralisk Den  
  100  8:00  Overlord x4  
  100  8:10  Ravager x3  
  100  8:12  Ravager x4  
  107  8:13  Roach  
  107  8:14  Roach x9  
  127  8:26  Roach x5  
  127  8:27  Roach  
  110  8:37  Chitinous Plating  
  110  8:39  Roach  
  110  8:40  Roach x6  
  119  8:56  Zerg Ground Armor Level 3  
  119  9:02  Evolution Chamber  
  118  9:19  Corruptor x4  
  118  9:24  Overseer x2  
  124  9:33  Corruptor  
  125  9:46  Adrenal Glands  
  125  9:53  Zergling x2  
  125  9:54  Zergling x34  
  143  10:04  Ultralisk  
  147  10:19  Spore Crawler  
  146  10:30  Ultralisk x2  
  146  10:32  Zergling x8  
  146  10:34  Overlord x6  
  162  10:48  Lurker Den  
  161  10:58  Ultralisk  
  164  11:06  Corruptor x2  
  110  11:37  Queen  
  100  11:49  Corruptor x7  
  100  11:53  Zergling x16  
  114  12:07  Zerg Flyer Armor Level 1  
  114  12:14  Corruptor x3  
  120  12:18  Hatchery  
  120  12:19  Zergling x16  
  127  12:24  Zerg Melee Weapons Level 1  
  127  12:30  Zergling x2  
  127  12:31  Zergling x4  
  122  12:48  Corruptor x4  
  130  12:53  Hatchery, Zergling x18  
  138  13:06  Corruptor x2  
  142  13:14  Ravager x3  
  140  13:35  Zergling x32  
  152  13:50  Corruptor x3  
  126  14:11  Ultralisk  
  132  14:25  Overseer x3  
  117  14:53  Ultralisk x2  
  117  14:54  Ultralisk  
  117  14:59  Zergling x8  
  139  15:08  Zergling x14  
  146  15:26  Greater Spire  
  129  15:36  Ultralisk x3  
  147  15:50  Extractor, Zergling x28  
  147  15:51  Extractor  
  159  16:02  Zerg Melee Weapons Level 2  
  159  16:19  Ultralisk  
  159  16:20  Ultralisk  
  171  16:29  Ultralisk  
  171  16:31  Zergling x10  
  182  16:58  Overlord x2  
  182  16:59  Overlord x2  
  181  17:05  Extractor  
  181  17:06  Extractor  
  181  17:07  Spore Crawler  
  181  17:08  Spore Crawler  
  176  17:10  Brood Lord x2  
  119  17:43  Zergling x24  
  119  17:44  Zergling x42  
  126  17:45  Zergling x2  
  122  18:21  Hydralisk x8  
  122  18:24  Spore Crawler  
Tags
 
Add a new tag
Caveats
  • Supply blocks, unpowered buildings, or Contaminate may cause inaccurate times.
  • Supply counts are checked every 10 seconds.